 Dungeon Crawl Stone Soup version 0.20.1-1-g8b1a95d (webtiles) character file.

258 gungr the Insei (level 6, 0/38 HPs)
             Began as an Octopode Transmuter on Oct 23, 2017.
             Killed from afar by an orc wizard (6 damage)
             ... with a magic dart
             ... on level 3 of the Dungeon.
             The game lasted 00:07:24 (3580 turns).

gungr the Insei (Octopode Transmuter)               Turns: 3580, Time: 00:07:24

Health: 0/38       AC:  1    Str: 10    XL:     6   Next: 16%
Magic:  8/9        EV: 13    Int: 22    God:
Gold:   157        SH:  0    Dex: 12    Spells: 5/9 levels left

rFire    + . .     SeeInvis .     - Unarmed
rCold    . . .     Gourm    .   (no shield)
rNeg     . . .     Faith    .   (helmet restricted)
rPois    .         Spirit   .   (no amulet)
rElec    .         Reflect  .   j - ring of protection from fire
rCorr    .         Harm     .   (no ring)
MR       .....                  (no ring)
Stlth    +++.......             (no ring)
Regen    0.2/turn               (no ring)
MPRegen  0.2/turn               (no ring)
                                (no ring)
                                (no ring)

@: brilliant, very slightly contaminated
A: almost no armour, stealthy swim, amphibious, 8 rings, constrict 8, camouflage
1, gelatinous body 1
a: no special abilities


You were on level 3 of the Dungeon.
You were not hungry.

You visited 1 branch of the dungeon, and saw 4 of its levels.

You collected 157 gold pieces.

Inventory:

Missiles
 a - 39 arrows
Jewellery
 j - a ring of protection from fire (left tentacle)
 o - an uncursed ring of magical power {unknown}
Scrolls
 c - a scroll of amnesia {unknown}
 d - 8 scrolls of identify {unknown}
 e - 2 scrolls of magic mapping {unknown}
 n - 2 scrolls of fog {unknown}
Potions
 g - 2 potions of brilliance
 h - 2 potions of haste {unknown}
 i - a potion of mutation {unknown}
 k - a potion of magic {unknown}
 m - a potion of lignification {unknown}
Books
 b - a book of Changes

   Spells                             Type                      Level
   a - Beastly Appendage              Transmutation                1
   b - Sticks to Snakes               Transmutation                2
   c - Spider Form                    Transmutation/Poison         3
   d - Ice Form                       Ice/Transmutation            4
   e - Blade Hands                    Transmutation                5
Comestibles
 f - a royal jelly
 l - a bread ration
 p - 2 fruits


   Skills:
 + Level 1.3 Fighting
 + Level 2.0 Dodging
 - Level 3.0 Stealth
 * Level 6.2 Unarmed Combat
 + Level 2.0 Spellcasting
 + Level 2.0 Transmutations


You had 5 spell levels left.
You knew the following spells:

 Your Spells              Type           Power        Failure   Level  Hunger
a - Beastly Appendage     Tmut           ###...       1%          1    #......
b - Spider Form           Tmut/Pois      ###.......   3%          3    ###....


Dungeon Overview and Level Annotations

Branches:
Dungeon (4/15)
 Temple: D:4-7

Altars:


Innate Abilities, Weirdness & Mutations

You cannot wear most types of armour.
You are very stealthy in the water. (Stealth+)
You are amphibious.
You can wear up to eight rings at the same time.
You can use your tentacles to constrict eight enemies at once.
Your skin changes colour to match your surroundings (Stealth+).
Your rubbery body absorbs attacks. (AC +1, EV +1)


Message History

You squeeze the orc wizard.
The orc wizard is moderately wounded.
You constrict the orc wizard, but do no damage.
The orc wizard misses you.
The orc priest mumbles some strange prayers to Beogh against you.
Beogh smites you!
* * * LOW HITPOINT WARNING * * *
The orc wizard hits you with a dagger.
* * * LOW HITPOINT WARNING * * *
It was a potion of brilliance.
You feel clever all of a sudden.
You constrict the orc wizard, but do no damage.
The orc wizard hits you with a dagger.
* * * LOW HITPOINT WARNING * * *
You tentacle-slap the orc wizard.
The orc wizard is heavily wounded.
You constrict the orc wizard.
The orc wizard gestures at you while chanting.
The magic dart hits you!
You die...

### ###.### #.....#
###.#.######
#.#......# #.######.#
#....#
#.################
####.#
#@#.........#.....
#.###o#.######.##)####
#..[oo............)...
#.....#.######.####.##
#.##.##.# ###+####.#
#.......# #.....##.#
#......## #.....##.#
##.#.#.#####.....##.#
#.#.#.....'.....##.#


You could see an orc priest, an orc wizard and an orc.

Vanquished Creatures
  2 orc wizards
  7 adders
  A worm (D:2)
  5 dart slugs
  2 leopard geckos
  9 orcs
  6 bats
  14 giant cockroaches
  12 goblins
  7 hobgoblins
  18 jackals
  A quokka (D:2)
  2 ball pythons (D:3)
  5 frilled lizards
  7 kobolds
  10 rats
108 creatures vanquished.

Notes
Turn   | Place    | Note
-------+----------+-------------------------------------------
     0 | D:1      | gungr the Octopode Transmuter began the quest for the Orb.
     0 | D:1      | Reached XP level 1. HP: 13/13 MP: 3/3
   299 | D:1      | Reached XP level 2. HP: 16/18 MP: 5/5
   581 | D:1      | Reached skill level 1 in Stealth
   642 | D:1      | Reached XP level 3. HP: 23/23 MP: 6/6
   647 | D:1      | Learned a level 3 spell: Spider Form
   706 | D:1      | Reached skill level 4 in Unarmed Combat
  1157 | D:2      | Reached XP level 4. HP: 14/28 MP: 7/7
  1557 | D:2      | Reached skill level 5 in Unarmed Combat
  2381 | D:3      | Reached XP level 5. HP: 22/33 MP: 8/8
  3384 | D:3      | You fall through a shaft!
  3403 | D:4      | Reached skill level 6 in Unarmed Combat
  3403 | D:4      | Reached XP level 6. HP: 25/38 MP: 9/9
  3580 | D:3      | Killed from afar by an orc wizard

Skill      XL: |  1  2  3  4  5  6 |
---------------+-------------------+-----
Stealth        | 1 2 3 |  3.0
Unarmed Combat | 4 5 6 |  6.2
Fighting       | |  1.3
Dodging        | |  2.0
Spellcasting   | |  2.0
Transmutations | |  2.0

Action                   |  1- 3 |  4- 6 || total
-------------------------+-------+-------++-------
Melee: Unarmed           |    74 |   155 ||   229
       Constrict         |    24 |    49 ||    73
       Tentacles         |    11 |    29 ||    40
       Punch             |     3 |     7 ||    10
       Kick              |       |     5 ||     5
 Cast: Beastly Appendage |       |     1 ||     1
  Use: Potion            |       |     3 ||     3
 Stab: Sleeping          |    12 |     6 ||    18
       Distracted        |       |     1 ||     1
  Eat: Bread ration      |     1 |     1 ||     2
       Chunk             |       |     1 ||     1
Armor: Skin              |     2 |     7 ||     9
Dodge: Dodged            |    37 |    79 ||   116
